 Dungeon Crawl Stone Soup version 0.31-a0-1074-g0b22e4e0f1 (webtiles) character file.

Game seed: 11840317967347417771

12449 Lobster4 the Skirmisher (level 12, -4/141 HPs)
             Began as a Human Hunter on Dec 8, 2023.
             Was an Elder of Fedhas.
             Slain by an orc warrior
             ... wielding a +0 glaive
              (13 damage)
             ... on level 1 of the Orcish Mines.
             The game lasted 00:44:05 (13797 turns).

Lobster4 the Skirmisher (Human Hunter)             Turns: 13797, Time: 00:44:05

Health: -4/141     AC: 26    Str: 12    XL:     12   Next: 20%
Magic:  16/16      EV:  2    Int:  9    God:    Fedhas [****..]
Gold:   1020       SH:  0    Dex: 28    Spells: 13/17 levels left

rFire   . . .        a - +1 shortbow (freeze)
rCold   . . .        (shield currently unavailable)
rNeg    . . .        F - melded +2 robe {Will+}
rPois   +            D - melded +1 helmet {SInv}
rElec   .            v - melded +1 cloak
rCorr   .            (gloves currently unavailable)
SInv    .            i - melded +1 pair of boots
Will    .....        O - amulet of magic regeneration
Stlth   +            K - +6 ring of dexterity
HPRegen 0.43/turn    B - ring of poison resistance
MPRegen 0.55/turn

%: no passive effects
@: tree-form, silenced (expiring)
A: stationary, stasis, torment immunity, boosted hp
a: Renounce Religion


You were on level 1 of the Orcish Mines.
You worshipped Fedhas.
Fedhas was greatly pleased with you.
You were a tree.
You visited 3 branches of the dungeon, and saw 12 of its levels.

You collected 1355 gold pieces.
You spent 335 gold pieces at shops.

Inventory:

Hand Weapons
 a - a +1 shortbow of freezing (weapon)
 n - a +4 dagger
 p - a +1 shortbow
 q - a +3 long sword
 x - a +0 sling
 z - a +0 long sword of flaming
 E - a +2 rapier of speed
 H - a +0 orcbow
 I - a +1 great sword
Missiles
 d - 4 javelins
 k - 4 boomerangs
 t - 27 poisoned darts
Armour
 c - a +0 leather armour
 i - a +1 pair of boots (melded)
 r - a +2 kite shield
 v - a +1 cloak (melded)
 C - a +0 ring mail
 D - a +1 helmet of see invisible (melded)
 F - a +2 robe of willpower (melded)
 L - a +0 robe of cold resistance
Jewellery
 o - a +5 ring of evasion
 A - the ring "Jompan" {rC+ Str+6}
   (You bought it in a shop on level 3 of the Dungeon)

   [ring of strength]

   Str+6:     It affects your strength (+6).
   rC+:       It protects you from cold.
 B - a ring of poison resistance (right branch)
 G - a +6 ring of intelligence
 K - a +6 ring of dexterity (left branch)
 O - an amulet of magic regeneration (around neck)
Wands
 l - a wand of flame (4)
Scrolls
 e - 3 scrolls of identify
 g - a scroll of revelation
 j - a scroll of enchant weapon
 w - 4 scrolls of teleportation
Potions
 h - a potion of curing
 m - 3 potions of attraction
 s - 2 potions of enlightenment
 J - a potion of haste {unknown}


   Skills:
 + Level 8.7 Fighting
 - Level 1.4(2.8) Short Blades
 - Level 3.8(4.0) Long Blades
 + Level 12.4 Ranged Weapons
 - Level 5.0 Armour
 + Level 5.9 Dodging
 - Level 1.0 Stealth
 - Level 3.0 Spellcasting
 - Level 3.0 Hexes
 - Level 3.0 Translocations
 - Level 5.0 Invocations
 - Level 3.0 Evocations


You had 13 spell levels left.
You knew the following spells:

 Your Spells              Type           Power      Damage    Failure   Level
a - Dimensional Bullseye  Hex/Tloc       3%         N/A       65%         4

Your spell library contained the following spells:

 Spells                   Type           Power      Damage    Failure   Level
 Apportation              Tloc           12%        N/A       9%          1
 Teleport Other           Tloc           6%         N/A       26%         3
 Tukima's Dance           Hex            6%         N/A       26%         3
 Magic Dart               Conj           4%         1d3       30%         1
 Necrotise                Necr           4%         1d4       30%         1
 Summon Small Mammal      Summ           4%         N/A       30%         1
 Call Imp                 Summ           2%         N/A       41%         2
 Passwall                 Tmut/Erth      0%         N/A       41%         2
 Scorch                   Fire           2%         2d5       41%         2
 Volatile Blastmotes      Fire/Tloc      8%         2d10      43%         3
 Mephitic Cloud           Conj/Pois/Air  1%         N/A       65%         3
 Iskenderun's Mystic Bla  Conj/Tloc      4%         2d3       85%         4
 Flame Wave               Conj/Fire      1%         2d4       96%         4
 Yara's Violent Unravell  Hex/Tmut       2%         3d3       99%         5
 Alistair's Intoxication  Tmut/Pois      0%         N/A       100%        5
 Summon Cactus Giant      Summ           0%         N/A       100%        6
 Malign Gateway           Summ/Tloc      2%         N/A       100%        7
 Summon Horrible Things   Summ           0%         N/A       100%        8


Dungeon Overview and Level Annotations

Branches:
Dungeon (10/15)            Temple (1/1) D:5            Lair (0/5) D:9
    Orc (1/2) D:9

Altars:
Ashenzari
Cheibriados
Dithmenos
Elyvilon
Fedhas
Gozag
Hepliaklqana
Kikubaaqudgha
Makhleb
Nemelex Xobeh
Okawaru
Qazlal
Ru
Sif Muna
Trog
Uskayaw
Vehumet
Xom
Yredelemnul
Zin
The Shining One

Shops:
D:3 *=?[   D:10 *

Annotations:
D:5 2 transporters
D:7 Joseph
D:8 Erica
D:10 Harold


Message History

Press: ? - help, Q - select action, (/) - cycle Shift-Dir - straight line, f/p - orc warrior
Aim: an orc warrior, wielding a +0 glaive and wearing a +0 chain mail (72% to hit)
Okay, then.
Unknown command.
Throw: dart (curare)
Press: ? - help, Shift-Dir - straight line, f - orc knight, p - orc warrior
Aim: an orc knight, wielding a +0 arbalest and wearing a +0 chain mail (65% to hit)
You throw a curare-tipped dart. The curare-tipped dart hits the warg.
The warg bites you!
* * * LOW HITPOINT WARNING * * *
The orc warrior misses you.
You feel better. The warg misses you.
The orc warrior hits you from afar with a +0 glaive!
* * * LOW HITPOINT WARNING * * *
You turn into a tree.
Your +1 cloak melds into your body.
Your +1 helmet of see invisible melds into your body.
Your +1 pair of boots melds into your body.
Your +2 robe of willpower melds into your body.
You feel less perceptive.
You feel less strong-willed.
Your roots penetrate the ground.
The warg bites you but does no damage. The warg bites you.
* * * LOW HITPOINT WARNING * * *
The orc warrior hits you but does no damage.
Fire: a) +1 shortbow (freeze)
Press: ? - help, Q - select action, (/) - cycle Shift-Dir - straight line, f/p - orc knight
Aim: an orc knight, wielding a +0 arbalest and wearing a +0 chain mail (72% to hit)
You shoot an arrow. The arrow hits the warg.
The arrow freezes the warg.
The warg is lightly wounded.
The orc knight roars a battlecry!
The orc warriors go into a battle-frenzy!
The warg bites you but does no damage.
Fire: a) +1 shortbow (freeze)
Press: ? - help, Q - select action, (/) - cycle Shift-Dir - straight line, f/p - orc knight
Aim: an orc knight, wielding a +0 arbalest and wearing a +0 chain mail (72% to hit)
You shoot an arrow.
The arrow hits the warg but does no damage.
The warg is lightly wounded.
The orc warrior hits you from afar with a +0 glaive!
You die...
Fedhas appreciates your contribution to the ecosystem.

..........# ##........##....
..)......## ######.##.#.#.....
...).[..## ##.#######......[..
.........### #...#.###.......##.
......)....## ##..............##.
....oo......# ##.#........_..#..
...........#####....#.........##.
..........[###.#..............###
....#......o.ooh♣..........####
...##......o...#............# ...
#..............#........# ..
....#.......#.###.......##
.....##......### ##.##.###
..............# ######
..##.##..#...## # #####.## ###


You could see an orc knight, a warg, 2 orc warriors and an orc priest (strong).

Vanquished Creatures
  2 two-headed ogres
  A tengu warrior (D:9)
  An orc high priest (Orc:1)
  A manticore (D:9)
  2 unseen horrors
  A kobold demonologist (D:9)
  3 trolls
  A hornet (D:8)
  2 wyverns (D:9)
  10 yaks
  Menkaure (D:7)
  An acid dragon (D:10)
  3 water moccasins
  12 orc warriors
  2 elephant zombies (D:7)
  2 black bears
  An ice beast (D:5)
  3 ogres
  2 wolves (D:7)
  2 centaurs (D:9)
  2 phantoms
  3 kobold brigands (D:9)
  6 bullfrogs
  An elf zombie (D:7)
  A gnoll sergeant (D:9)
  2 scorpions
  15 wights
  8 killer bees
  An electric eel (D:9)
  A howler monkey (D:9)
  2 centaur zombies (D:7)
  2 jellies (D:5)
  3 orc priests (Orc:1)
  A gnoll bouda (D:8)
  3 hounds
  A sleepcap (D:2)
  4 iguanas
  11 orc wizards
  5 hound zombies (D:7)
  A mummy (D:3)
  12 gnolls
  11 adders
  A white imp (D:6)
  An adder zombie (D:7)
  2 worms
  6 dart slugs
  29 orcs
  6 bats
  7 endoplasms
  2 giant cockroaches
  5 hobgoblins
  4 jackals
  11 kobolds
  3 quokkas
  9 ball pythons
  4 frilled lizards
  9 goblins
  8 rats
256 creatures vanquished.

Vanquished Creatures (collateral kills)
  Grum (D:8)
  Duvessa (D:7)
  A wight (D:7)
  Dowan (D:7)
  3 orc priests (D:7)
  An ogre zombie (D:7)
  A howler monkey zombie (D:7)
  An orc (D:7)
10 creatures vanquished.

Vanquished Creatures (others)
  A wolf (D:8)
  A centaur (D:7)
  A sleepcap (D:7)
  2 hound zombies (D:7)
  An orc (D:7)
6 creatures vanquished.

Grand Total: 272 creatures vanquished

Notes
Turn   | Place    | Note
-------+----------+-------------------------------------------
     0 | D:1      | Lobster4 the Human Hunter began the quest for the Orb.
     0 | D:1      | Reached XP level 1. HP: 16/16 MP: 1/1
   157 | D:1      | Reached XP level 2. HP: 21/22 MP: 2/2
   333 | D:1      | Reached skill level 1 in Armour
   514 | D:1      | Reached XP level 3. HP: 28/28 MP: 3/3
  1313 | D:2      | Reached skill level 1 in Long Blades
  1647 | D:3      | Found Zelucoty's Assorted Antiques.
  1660 | D:3      | Reached XP level 4. HP: 34/34 MP: 4/4
  2085 | D:3      | Found Urpheguok's Antique Armour Shoppe.
  2161 | D:3      | Found Liddog's Jewellery Emporium.
  2192 | D:3      | Found an iron altar of Okawaru.
  2194 | D:3      | Found a white marble altar of Elyvilon.
  2233 | D:3      | Reached XP level 5. HP: 40/40 MP: 5/5
  2304 | D:3      | Bought an ancient brass ring for 100 gold pieces
  2304 | D:3      | Identified the ring "Jompan" {rC+ Str+6} (You bought it in
                  | a shop on level 3 of the Dungeon)
  2624 | D:3      | Found Eziurut's Magic Scroll Shoppe.
  2627 | D:3      | Bought a scroll of teleportation for 33 gold pieces
  2828 | D:3      | Found a snail-covered altar of Cheibriados.
  3077 | D:4      | Reached skill level 5 in Ranged Weapons
  3077 | D:4      | Reached XP level 6. HP: 44/47 MP: 6/6
  3124 | D:4      | Found a bloodstained altar of Trog.
  3611 | D:4      | Reached skill level 1 in Short Blades
  3611 | D:4      | Reached XP level 7. HP: 42/53 MP: 7/7
  3801 | D:4      | Found a sparkling altar of Nemelex Xobeh.
  3887 | D:5      | Entered Level 5 of the Dungeon
  3934 | D:5      | Noticed a water moccasin
  3950 | D:5      | Killed a water moccasin
  4308 | D:5      | Reached skill level 6 in Ranged Weapons
  4308 | D:5      | Reached XP level 8. HP: 61/61 MP: 8/8
  4473 | D:5      | Reached skill level 5 in Fighting
  4478 | D:5      | Learned a level 4 spell: Dimensional Bullseye
  4566 | D:5      | Found a transporter.
  4854 | D:5      | Found a transporter.
  4912 | D:5      | Reached skill level 1 in Spellcasting
  5091 | D:5      | Reached skill level 7 in Ranged Weapons
  5124 | D:5      | Found a staircase to the Ecumenical Temple.
  5133 | Temple   | Entered the Ecumenical Temple
  5148 | Temple   | Became a worshipper of Fedhas Madash
  5223 | D:5      | Got the Thoughts on the Mutable Excursion
  5438 | D:6      | Reached skill level 1 in Invocations
  5470 | D:6      | Reached XP level 9. HP: 63/68 MP: 12/12
  5770 | D:3      | Bought a glowing helmet for 202 gold pieces
  6107 | D:7      | Noticed Duvessa
  6107 | D:7      | Noticed Dowan
  6115 | D:7      | Killed Duvessa
  6116 | D:7      | Reached skill level 1 in Evocations
  6119 | D:7      | Killed Dowan
  6120 | D:7      | Reached skill level 8 in Ranged Weapons
  6349 | D:7      | Reached * piety under Fedhas
  6578 | D:7      | Noticed Joseph
  6681 | D:7      | Found an ancient bone altar of Kikubaaqudgha.
  6865 | D:7      | Noticed Menkaure
  6871 | D:7      | Killed Menkaure
  6872 | D:7      | Reached skill level 1 in Hexes
  6872 | D:7      | Reached skill level 1 in Translocations
  7423 | D:7      | Reached XP level 10. HP: 74/74 MP: 13/13
  7537 | D:7      | Reached skill level 5 in Invocations
  7769 | D:8      | Noticed Grum
  7785 | D:8      | Killed Grum
  7786 | D:8      | Reached skill level 9 in Ranged Weapons
  8183 | D:8      | Reached ** piety under Fedhas
  8327 | D:8      | Noticed a two-headed ogre
  8448 | D:8      | Noticed Erica
  8605 | D:8      | Reached skill level 10 in Ranged Weapons
  8853 | D:8      | Found a broken altar of Ashenzari.
  9211 | D:8      | Killed a two-headed ogre
  9288 | D:8      | Found a hide-covered altar of Uskayaw.
  9560 | D:9      | Noticed a manticore
  9564 | D:9      | Noticed a tengu warrior
  9593 | D:9      | Paralysed by a hornet for 2 turns
  9758 | D:9      | Noticed a two-headed ogre
 10283 | D:8      | Reached XP level 11. HP: 39/80 MP: 15/15
 10443 | D:9      | Killed a manticore
 10806 | D:9      | Reached skill level 5 in Armour
 10806 | D:9      | Reached skill level 5 in Dodging
 10897 | D:9      | Found a staircase to the Orcish Mines.
 10956 | D:9      | Reached skill level 11 in Ranged Weapons
 10970 | D:9      | Reached *** piety under Fedhas
 11110 | D:9      | Killed a tengu warrior
 11253 | Orc:1    | Entered Level 1 of the Orcish Mines
 11437 | D:9      | Killed a two-headed ogre
 11653 | D:9      | Found a staircase to the Lair.
 11865 | D:9      | Found a stormy altar of Qazlal.
 12137 | D:9      | Reached skill level 12 in Ranged Weapons
 12482 | D:10     | Entered Level 10 of the Dungeon
 12566 | D:10     | Found Maol's General Store.
 12574 | D:10     | Noticed Harold
 12856 | Orc:1    | Reached XP level 12. HP: 93/93 MP: 16/16
 12877 | Orc:1    | Reached **** piety under Fedhas
 13760 | Orc:1    | Noticed an orc high priest
 13776 | Orc:1    | Killed an orc high priest
 13797 | Orc:1    | Slain by an orc warrior

Illustrated notes

Levels and vault maps discovered:
D:1:      lemuel_arrival_hallway, layout_basic, serial_park_tiny_1
D:2:      layout_basic
D:3:      layout_rooms, chei_slow_surprise, jmf_multi_god_temple, serial_shops,
          nicolae_shop_tiny_waterfront, nicolae_shop_stone,
          nicolae_shop_rolled_up, shop, serial_corexii_hall,
          chequers_hall_statues_wall_a, corexii_hall_statues_l,
          corexii_hall_statues_l
D:4:      minmay_chambers_of_fours, layout_basic, lemuel_coloured_pillars_altar,
          mainiacjoe_overflow_alcove_2
D:5:      gammafunk_cloud_chamber, layout_cave_pods, minmay_temple_entry_fiery
D:6:      layout_cave_pools
D:7:      layout_basic, serial_glass, glass_columns_b, glass_columns_b,
          roadster_capsule_ark_zombie, uniq_menkaure, uniq_joseph, uniq_duvessa
D:8:      layout_loops_ring, mainiacjoe_overflow_brackets,
          overflow_temple_1_default, grunt_ogre_cave, minmay_misc_feat_tower,
          st_stairs_2, uniq_grum, uniq_erica
D:9:      nzn_winding_woodlands_cross [nzn_winding_woodlands_5x15_crooked,
          nzn_winding_woodlands_5x15_lazy_stream,
          nzn_winding_woodlands_5x15_zeroes,
          nzn_winding_woodlands_5x15_split_checker,
          nzn_winding_woodlands_15x15_killbox], layout_rooms,
          mainiacjoe_overflow_alcove_4, serial_bayou_lagoon_a
D:10:     layout_cross, general_overflow_altar, serial_shops, shop, uniq_harold
Temple:   cyrus_circular_temple
Orc:1:    layout_caves, hangedman_feature_mirror, led_sif_book

Skill      XL: |  1  2  3  4  5  6  7  8  9 10 11 |
---------------+----------------------------------+-----
Armour         | 1 2 3 4 5 |  5.0
Long Blades    | 1 2 3 |  3.8
Fighting       | 3 4 5 8 |  8.7
Ranged Weapons | 5 6 7 8 10 12 | 12.4
Short Blades   | 1 |  1.4
Spellcasting   | 2 3 |  3.0
Dodging        | 4 5 |  5.9
Invocations    | 2 4 5 |  5.0
Evocations     | 3 |  3.0
Hexes          | 1 3 |  3.0
Translocations | 1 3 |  3.0
Stealth        | |  1.0

Action                     |  1- 3 |  4- 6 |  7- 9 | 10-12 || total
---------------------------+-------+-------+-------+-------++-------
  Melee: Dagger            |       |       |       |     1 ||     1
         Long sword        |       |       |       |    83 ||    83
         Great sword       |       |       |       |     5 ||     5
         Punch             |       |       |       |     1 ||     1
   Fire: Shortbow          |    97 |   205 |   336 |   662 ||  1300
  Throw: Dart              |       |       |       |     7 ||     7
         Throwing net      |       |       |       |     3 ||     3
 Invoke: Wall of Briars    |       |       |       |     1 ||     1
  Evoke: Wand              |       |       |     6 |     3 ||     9
    Use: Scroll            |       |     4 |    14 |     7 ||    25
         Potion            |       |       |     3 |     8 ||    11
 Armour: Leather armour    |    15 |    83 |    46 |       ||   144
         Skin              |       |       |    61 |    54 ||   115
         Robe              |       |       |    44 |   305 ||   349
  Dodge: Dodged            |    11 |    79 |   127 |   370 ||   587
  Block: Kite shield       |       |       |       |    17 ||    17

Table legend: (Time is in decaauts)
 A = Elapsed time spent in this place.
 B = Non-inter-level travel time spent in this place.
 C = Inter-level travel time spent in this place.
 D = Time resting spent in this place.
 E = Time spent auto-exploring this place.
 F = Levels seen in this place.
 G = Mean time per level.
                   A        B        C        D        E       F      G
               +--------+--------+--------+--------+--------+-----+--------+
         Total |  13851 |  12751 |   1100 |   3762 |   6056 |  12 | 1154.2 |
       Dungeon |  12977 |  11905 |   1072 |   3527 |   5701 |  10 | 1297.7 |
        Temple |     30 |      2 |     28 |      0 |      0 |   1 |   30.0 |
  Orcish Mines |    842 |    842 |      0 |    235 |    355 |   1 |  842.0 |
               +--------+--------+--------+--------+--------+-----+--------+

Top non-repeatable levels by time:
     D:9: 2391 daAuts
     D:8: 2348 daAuts
     D:7: 1891 daAuts
     D:5: 1503 daAuts
     D:2: 1090 daAuts
     D:4: 1065 daAuts
     D:1: 1023 daAuts
     D:3: 869 daAuts
   Orc:1: 842 daAuts
     D:6: 667 daAuts
    D:10: 127 daAuts
  Temple: 30 daAuts
